 Dungeon Crawl Stone Soup version 0.30-a0-51-g784eafce7f (webtiles) character file.

Game seed: 5540461689779167238

4532 Murumi the Covert (level 10, -3/59 HPs)
             Began as a Vampire Enchanter on Sept 6, 2022.
             Was a Believer of Okawaru.
             Slain by a death yak (20 damage)
             ... on level 9 of the Dungeon.
             The game lasted 00:40:26 (9265 turns).

Murumi the Covert (Vampire Enchanter)               Turns: 9265, Time: 00:40:27

Health: -3/59      AC: 12    Str:  7    XL:     10   Next: 17%
Magic:  12/16      EV: 16    Int: 17    God:    Okawaru [**....]
Gold:   498        SH:  0    Dex: 20    Spells: 9/17 levels left

rFire   + + .      SeeInvis +    a - +5 dagger
rCold   + + +      Faith    .    (no shield)
rNeg    + + +      Spirit   .    w - +2 steam dragon scales
rPois   ∞          Reflect  .    p - +2 helmet
rElec   .          Harm     .    h - scarf {rC+ rF+}
rCorr   .          Rampage  .    g - +0 pair of gloves
Will    +....                    A - +0 pair of boots
Stlth   +++++++...               j - amulet of magic regeneration
HPRegen 0.00/turn                q - ring of protection from cold
MPRegen 0.55/turn                u - ring of protection from fire

@: confusing by touch, bloodless, inhibited regen, invisible
A: bloodless, fangs 3, see invisible, vampiric 2
a: Bat Form, Revivify, Renounce Religion, Heroism


You were on level 9 of the Dungeon.
You worshipped Okawaru.
Okawaru was pleased with you.
You visited 2 branches of the dungeon, and saw 10 of its levels.

You collected 534 gold pieces.
You spent 36 gold pieces at shops.

Inventory:

Hand Weapons
 a - a +5 dagger (weapon)
 y - a +3 rapier of draining
Armour
 g - a +0 pair of gloves (worn)
 h - a scarf of resistance (worn)
 p - a +2 helmet (worn)
 w - +2 steam dragon scales (worn)
 A - a +0 pair of boots (worn)
Jewellery
 j - an amulet of magic regeneration (around neck)
 q - a ring of protection from cold (left hand)
 u - a ring of protection from fire (right hand)
Wands
 r - a wand of paralysis (6)
 C - a wand of flame (4)
Scrolls
 b - a scroll of poison
 f - 2 scrolls of identify
 k - a scroll of fear
 l - 6 scrolls of teleportation
 s - a scroll of blinking
 t - a scroll of magic mapping
 z - a scroll of enchant weapon
Potions
 c - a potion of invisibility
 d - 4 potions of mutation
 e - 3 potions of haste
 i - a potion of resistance
 m - 3 potions of flight
 n - a potion of magic
 o - 8 potions of curing
 v - a potion of might
 x - a potion of attraction
 B - 2 potions of heal wounds


   Skills:
 - Level 5.0 Fighting
 + Level 6.3 Short Blades
 - Level 2.0 Armour
 - Level 6.0 Dodging
 - Level 12.0 Stealth
 - Level 4.0 Spellcasting
 - Level 10.0 Hexes
 - Level 2.0 Ice Magic
 - Level 2.0 Invocations
 - Level 2.0 Evocations


You had 9 spell levels left.
You knew the following spells:

 Your Spells              Type           Power      Damage    Failure   Level
a - Ensorcelled Hibernat  Hex/Ice        46%        N/A       1%          2
b - Confusing Touch       Hex            37%        N/A       1%          3
c - Tukima's Dance        Hex            37%        N/A       1%          3

Your spell library contained the following spells:

 Spells                   Type           Power      Damage    Failure   Level
 Dazzling Flash           Conj/Hex       40%        N/A       6%          3
 Sublimation of Blood     Necr           3%         N/A       24%         2
 Wereblood                Tmut           3%         N/A       24%         2
 Conjure Flame            Conj/Fire      3%         6-21      43%         3
 Ignite Poison            Fire/Tmut/Pois 3%         N/A       43%         3
 Mephitic Cloud           Conj/Pois/Air  3%         N/A       43%         3
 Silence                  Hex/Air        10%        N/A       50%         5
 Sticky Flame             Conj/Fire      3%         2d3       83%         4
 Freezing Cloud           Conj/Ice/Air   2%         6-21      98%         5
 Agony                    Necr           3%         N/A       99%         5
 Summon Hydra             Summ           Unusable   N/A       N/A         7

Dungeon Overview and Level Annotations

Branches:
Dungeon (9/15)             Temple (1/1) D:7
   Lair: D:8-11         Orc: D:9-12

Altars:
Ashenzari
Cheibriados
Dithmenos
Fedhas
Hepliaklqana
Kikubaaqudgha
Makhleb
Nemelex Xobeh
Okawaru
Qazlal
Ru
Sif Muna
Trog
Uskayaw
Vehumet
Wu Jian
Xom
Yredelemnul

Shops:
D:6 [   D:7 :**!


Innate Abilities, Weirdness & Mutations

You do not regenerate when monsters are visible.
You are frail without blood (-20% HP).
You can heal yourself when you bite living creatures.
You are immune to poison.
You have razor-sharp teeth.
You have supernaturally acute eyesight. (SInv)
You are afflicted with vampirism and can become a bat while bloodless.


Message History

The yak attacks as you move away! The yak gores you!
The yak resists with significant effort.
The yak gores you.
The yak looks drowsy...
The helpless yak fails to defend itself.
You bite the yak, and draw its blood!
You feel better.
You skewer the yak like a kebab!!!!
You kill the yak!
Okawaru accepts your kill.
Training target 5.0 for Fighting reached!
Your Fighting skill increases to level 5!
You need to enable at least one skill for training.
A yak comes into view.
The death yak resists with almost no effort.
The yak bellows!
You hear a bellow!
The death yak gores you!
Casting: Ensorcelled Hibernation (safe; 1% risk of failure)
Confirm with . or Enter, or press ? or * to list all spells.
Aiming: Ensorcelled Hibernation (safe; 1% risk of failure)
Press: ? - help, Shift-Dir - straight line, f/p - death yak
Aim: a death yak (chance to affect: 3%)
Okay, then.
Casting: Ensorcelled Hibernation (safe; 1% risk of failure)
Confirm with . or Enter, or press ? or * to list all spells.
You cannot coerce anything to obey you.
Casting: Ensorcelled Hibernation (safe; 1% risk of failure)
Confirm with . or Enter, or press ? or * to list all spells.
Okay, then.
Casting: Ensorcelled Hibernation (safe; 1% risk of failure)
Confirm with . or Enter, or press ? or * to list all spells.
Your hands begin to glow red.
The death yak barely misses you.
You hit the death yak but do no damage. The death yak gores you!
You hit the death yak but do no damage.
You bite the death yak, but do no damage.
The death yak gores you!!
* * * LOW HITPOINT WARNING * * *
You hit the death yak but do no damage.
You fade into invisibility!
The death yak gores you!!
You die...

#..# #...# #...# #.# #..# #...#
#...# #)# #..# #...###...####.#
#..## ###..............####
#...####................#..###
#..!..##...................##.
#..#..........................
#...........###########.......
#...........#@#$# #.......
#...........#Y#Y# # ##......
.......~~.....#Y#.#.#.#.##.....(
......≈≈≈≈≈...YYY.....Y.##~...≈.
......≈≈≈≈≈≈≈≈~'S≈~Yo~o~≈≈≈≈≈.≈≈≈
###....≈≈≈≈≈...'....Y....##≈≈≈~~≈
#....≈≈≈≈....#.#.#Y#.#Y##..≈...
#.....~......#.#.#.# # ##......
............#.#.#$# #.......


You could see a death yak (unable to see you), 4 yaks and an electric eel
(unable to see you).

Vanquished Creatures
  Maggie (D:6)
  A troll (D:9)
  A hornet (D:8)
  A shadow (D:9)
  2 yaks (D:9)
  A fire bat (D:4)
  A steam dragon (D:7)
  2 water moccasins
  An orc warrior (D:6)
  4 black bears
  2 ogres
  2 centaurs
  2 phantoms
  A kobold brigand (D:9)
  A bullfrog (D:9)
  2 necrophages
  2 scorpions
  8 wights
  3 killer bees (D:8)
  7 electric eels
  2 orc priests (D:6)
  3 hounds
  2 jellies
  Crazy Yiuf (D:7)
  Jessica (D:2)
  4 iguanas
  6 orc wizards
  4 gnolls (D:5)
  12 adders
  2 shadow imps (D:5)
  A white imp (D:5)
  2 ufetubi (D:5)
  5 dart slugs
  18 orcs
  7 endoplasms
  6 giant cockroaches
  4 goblins
  8 hobgoblins
  6 jackals (D:1)
  8 kobolds
  10 ball pythons
  8 bats
  2 frilled lizards
  7 rats
174 creatures vanquished.

Vanquished Creatures (others)
  A bush (D:8)
  28 plants (D:6)
29 creatures vanquished.

Grand Total: 203 creatures vanquished

Notes
Turn   | Place    | Note
-------+----------+-------------------------------------------
     0 | D:1      | Murumi the Vampire Enchanter began the quest for the Orb.
     0 | D:1      | Reached XP level 1. HP: 13/13 MP: 3/3
   134 | D:1      | Reached skill level 5 in Stealth
   156 | D:1      | Reached XP level 2. HP: 19/19 MP: 5/5
   167 | D:1      | Reached skill level 5 in Hexes
   685 | D:1      | Gained mutation: You are afflicted with vampirism and can
                  | become a bat while bloodless. [Vampire growth]
   685 | D:1      | Reached XP level 3. HP: 19/19 MP: 6/6
   690 | D:1      | Learned a level 2 spell: Ensorcelled Hibernation
   702 | D:1      | Learned a level 3 spell: Confusing Touch
  1109 | D:2      | You fall into a shaft and drop 2 floors!
  1126 | D:4      | Found a transporter.
  1132 | D:4      | Noticed a fire bat
  1158 | D:3      | Found a faded altar of an unknown god.
  1177 | D:3      | Reached skill level 1 in Fighting
  1183 | D:3      | Reached skill level 1 in Ice Magic
  1183 | D:3      | Reached XP level 4. HP: 25/25 MP: 7/7
  1379 | D:2      | Noticed Jessica
  1387 | D:2      | Killed Jessica
  2060 | D:3      | Reached skill level 6 in Stealth
  2060 | D:3      | Reached XP level 5. HP: 7/30 MP: 2/8
  2292 | D:3      | Found a shimmering blue altar of Sif Muna.
  2576 | D:3      | Learned a level 3 spell: Tukima's Dance
  2735 | D:4      | Found a transporter.
  2803 | D:4      | Found the +7 great mace "Undeadhunter" {disrupt, rN+}
  2820 | D:4      | Reached skill level 7 in Stealth
  2846 | D:4      | Reached skill level 1 in Armour
  2859 | D:4      | Reached XP level 6. HP: 35/35 MP: 9/9
  3052 | D:4      | Reached skill level 1 in Evocations
  3474 | D:4      | Killed a fire bat
  3475 | D:4      | Reached skill level 8 in Stealth
  3713 | D:5      | Entered Level 5 of the Dungeon
  3764 | D:5      | Reached XP level 7. HP: 40/40 MP: 8/10
  4383 | D:5      | Found a burning altar of Makhleb.
  4593 | D:6      | Found Udutuon's Antique Armour Boutique.
  4843 | D:6      | Reached XP level 8. HP: 46/46 MP: 12/12
  4844 | D:6      | Reached skill level 9 in Stealth
  5096 | D:6      | Reached skill level 5 in Short Blades
  5510 | D:6      | Reached skill level 5 in Dodging
  5528 | D:6      | Noticed Maggie
  5535 | D:6      | Killed Maggie
  5536 | D:6      | Reached skill level 10 in Stealth
  6151 | D:6      | Reached XP level 9. HP: 52/52 MP: 9/13
  6666 | D:7      | Found a staircase to the Ecumenical Temple.
  6677 | Temple   | Entered the Ecumenical Temple
  6851 | Temple   | Became a worshipper of Warmaster Okawaru
  6934 | D:7      | Found a blossoming altar of Fedhas.
  7096 | D:7      | Found a bloodstained altar of Trog.
  7120 | D:7      | Reached skill level 1 in Invocations
  7160 | D:7      | Found Vaoduoh's Book Shoppe.
  7200 | D:7      | Found a runed translucent door.
  7201 | D:7      | Noticed Crazy Yiuf
  7253 | D:7      | Found Gedial's General Store.
  7261 | D:7      | Bought a potion of attraction for 36 gold pieces
  7268 | D:7      | Found Toshuyzxei's General Store.
  7340 | D:7      | Found Hugom's Distillery.
  7484 | D:7      | Killed Crazy Yiuf
  8152 | D:8      | Identified the +6 rapier of Conflict {venom, Fragile rElec
                  | Str+6 Int+10}
  8225 | D:8      | Reached * piety under Okawaru
  8241 | D:8      | Reached skill level 11 in Stealth
  8710 | D:8      | Reached skill level 10 in Hexes
  9090 | D:9      | Reached XP level 10. HP: 56/56 MP: 16/16
  9119 | D:9      | Reached ** piety under Okawaru
  9120 | D:9      | Reached skill level 12 in Stealth
  9250 | D:9      | Noticed a death yak
  9258 | D:9      | Reached skill level 5 in Fighting
  9265 | D:9      | Slain by a death yak

Illustrated notes

Levels and vault maps discovered:
D:1:      spicycebolla_green_bress_n_ham_2, layout_basic, minmay_misc_feat_iff
D:2:      layout_basic, uniq_jessica
D:3:      layout_rooms, tgw_sif, nicolae_ecumenical_snake_handling,
          minmay_bisected
D:4:      gammafunk_cloud_chamber, layout_basic, elyvilon_altar_4
D:5:      layout_rooms, gammafunk_temple_overflow_elements, serial_glass,
          glass_columns_b, glass_columns_c, glass_columns_c, glass_columns_a,
          glass_columns_a, glass_columns_a
D:6:      layout_loops_corners, serial_shops, nicolae_shop_hallway_stairs,
          serial_bayou, serial_bayou_ford_a, serial_bayou_lagoon_b,
          serial_bayou_shore_b, serial_bayou_lake_a, lightli_minifort,
          uniq_maggie
D:7:      layout_gridville, trog_ov_bears_minmay, mainiacjoe_overflow_24_doors,
          minmay_temple_entry_ruins, serial_shops, shop, nicolae_shop_stone,
          shop_statue, kennysheep_mini_moat, uniq_crazy_yiuf_cottage
D:8:      layout_cave_pools, hangedman_decor_slide_cut,
          kb_lookout_dungeons_type, kennysheep_small_square
D:9:      argonaut_augean_stables, layout_long_grid,
          mainiacjoe_overflow_catwalk, minmay_three_doors
Temple:   bh_familiar_temple

Skill      XL: |  1  2  3  4  5  6  7  8  9 10 |
---------------+-------------------------------+-----
Stealth        | 5 6 7 8 10 11 12 | 12.0
Hexes          | 5 6 7 9 10 | 10.0
Short Blades   | 2 3 4 5 6 |  6.3
Dodging        | 3 4 5 6 |  6.0
Fighting       | 1 2 3 4 5 |  5.0
Ice Magic      | 1 2 |  2.0
Armour         | 1 2 |  2.0
Evocations     | 1 2 |  2.0
Spellcasting   | 3 4 |  4.0
Invocations    | 2 |  2.0

Action                   |  1- 3 |  4- 6 |  7- 9 | 10-12 || total
-------------------------+-------+-------+-------+-------++-------
Melee: Dagger            |    91 |    95 |   231 |    15 ||   432
       Bite              |    11 |     3 |    27 |     2 ||    43
       Punch             |       |       |     5 |       ||     5
 Cast: Ensorcelled Hiber |       |    26 |    59 |    10 ||    95
       Confusing Touch   |       |     2 |    10 |     1 ||    13
 Abil: Exsanguinate      |     1 |       |       |       ||     1
  Use: Scroll            |     8 |     8 |    10 |       ||    26
       Potion            |       |     2 |     2 |     1 ||     5
 Stab: Sleeping          |    19 |    37 |    58 |     7 ||   121
       Invisible         |       |     2 |       |       ||     2
       Confused          |       |     2 |     9 |       ||    11
       Distracted        |       |     1 |     2 |       ||     3
Armor: Robe              |    22 |    18 |    18 |       ||    58
       Steam dragon scal |       |       |    29 |     1 ||    30
Dodge: Dodged            |    56 |    43 |   127 |    15 ||   241

Table legend: (Time is in decaauts)
 A = Elapsed time spent in this place.
 B = Non-inter-level travel time spent in this place.
 C = Inter-level travel time spent in this place.
 D = Time resting spent in this place.
 E = Time spent auto-exploring this place.
 F = Levels seen in this place.
 G = Mean time per level.
                   A        B        C        D        E       F      G
               +--------+--------+--------+--------+--------+-----+--------+
         Total |   9283 |   8468 |    815 |   1248 |   5637 |  10 |  928.3 |
       Dungeon |   9091 |   8302 |    789 |   1248 |   5474 |   9 | 1010.1 |
        Temple |    192 |    167 |     25 |      0 |    163 |   1 |  192.0 |
               +--------+--------+--------+--------+--------+-----+--------+

Top non-repeatable levels by time:
     D:6: 2097 daAuts
     D:8: 1295 daAuts
     D:4: 1187 daAuts
     D:1: 1017 daAuts
     D:5: 898 daAuts
     D:2: 814 daAuts
     D:7: 749 daAuts
     D:3: 709 daAuts
     D:9: 320 daAuts
  Temple: 192 daAuts
